 Dungeon Crawl Stone Soup version 0.24-a0-487-g57318f2ed0 (webtiles) character file.

Game seed: 17827538396372045915

47660 Gargoyl the Envoy of Void (level 14, -1/106 HPs)
             Began as a Centaur Abyssal Knight on July 9, 2019.
             Was a High Priest of Lugonu.
             Killed from afar by a catoblepas (5 damage)
             ... with a blast of calcifying dust
             ... on level 5 of the Lair of Beasts on July 10, 2019.
             The game lasted 00:36:54 (28261 turns).

Gargoyl the Envoy of Void (Centaur Abyssal Knight) Turns: 28261, Time: 00:36:55

Health: -1/106     AC: 19    Str: 20    XL:     14   Next: 9%
Magic:  10/22      EV:  7    Int:  9    God:    Lugonu [*****.]
Gold:   776        SH: 13    Dex: 11    Spells: 13/13 levels left

rFire    + . .     SeeInvis .   a - +3 hand axe (elec)
rCold    . . .     Gourm    .   d - +2 shield
rNeg     . . .     Faith    .   E - +1 chain mail {rF+}
rPois    +         Spirit   .   B - +0 helmet
rElec    .         Reflect  .   z - +2 cloak {MR+}
rCorr    .         Harm     .   g - +0 pair of gloves
MR       +++..                  (no barding)
Stlth    ..........             (no amulet)
HPRegen  0.27/turn              x - ring of protection from magic
MPRegen  0.18/turn              m - ring of poison resistance

@: very quick
A: large, hooves 3, rugged brown scales 1, blink, deformed body, dopey 1, speed
2, frail 1, strong 1, tough skin 3
a: Blink, Depart the Abyss, Bend Space, Banish, Corrupt, Enter the Abyss,
Renounce Religion


You were on level 5 of the Lair of Beasts.
You worshipped Lugonu.
Lugonu was extremely pleased with you.
You were near starving.

You visited 2 branches of the dungeon, and saw 17 of its levels.
You visited the Abyss 1 time.

You collected 1150 gold pieces.
You spent 374 gold pieces at shops.

Inventory:

Hand Weapons
 a - a +3 hand axe of electrocution (weapon)
 l - a +4 war axe of freezing
 C - the +8 whip "Snakebite" {curare, rPois}
   (You found it on level 1 of the Lair of Beasts)

   It poisons the flesh of those it strikes.
   It protects you from poison.
 J - a +2 antimagic war axe
Missiles
 b - 15 boomerangs (quivered)
 L - 8 silver javelins
Armour
 d - a +2 shield (worn)
 g - a +0 pair of gloves (worn)
 z - a +2 cloak of magic resistance (worn)
 B - a +0 helmet (worn)
 E - a +1 chain mail of fire resistance (worn)
Jewellery
 k - an uncursed ring of see invisible
 m - a ring of poison resistance (right hand)
 t - an uncursed ring of protection from fire
 x - a ring of protection from magic (left hand)
 K - a +2 amulet of reflection {unknown}
Wands
 f - a wand of disintegration (31)
 h - a wand of random effects (37)
 j - a wand of digging (12)
 n - a wand of scattershot (1)
 o - a wand of flame (81)
 p - a wand of polymorph (6)
 q - a wand of paralysis (30)
 H - a wand of acid (6)
Scrolls
 e - 7 scrolls of identify
 s - a scroll of teleportation
 v - 2 scrolls of fear
 y - 8 scrolls of remove curse
 I - a scroll of magic mapping
 N - a scroll of acquirement {unknown}
Potions
 i - a potion of haste {unknown}
 r - 2 potions of curing
 u - 2 potions of agility
 w - 2 potions of lignification
 A - 3 potions of flight
 D - a potion of brilliance
 F - a potion of might
 G - a potion of berserk rage
Comestibles
 c - 22 rations


   Skills:
 + Level 7.8 Fighting
 + Level 9.5(10.3) Axes
 + Level 6.4(8.9) Maces & Flails
 + Level 2.0 Throwing
 * Level 10.1 Armour
 + Level 2.4 Dodging
 * Level 9.2 Shields
 * Level 11.2 Invocations
 + Level 0.5 Evocations


You had 13 spell levels left.
You didn't know any spells.
Your spell library contained the following spells:

 Spells                   Type           Power        Failure   Level  Hunger
 Animate Skeleton         Necr           N/A          96%         1    ##.....
 Apportation              Tloc           #.....       96%         1    ##.....
 Confusing Touch          Hex            #.....       96%         1    ##.....
 Freeze                   Ice            #...         96%         1    ##.....
 Summon Butterflies       Summ           #.......     96%         1    ##.....
 Summon Small Mammal      Summ           #...         96%         1    ##.....
 Call Imp                 Summ           #.......     99%         2    ###....
 Slow                     Hex            #.......     99%         2    ###....
 Throw Frost              Conj/Ice       #.....       99%         2    ###....
 Call Canine Familiar     Summ           #.......     100%        3    ####...
 Ozocubu's Armour         Chrm/Ice       #.......     100%        3    ####...
 Spectral Weapon          Hex/Chrm       #.......     100%        3    ####...
 Summon Guardian Golem    Hex/Summ       #.......     100%        3    ####...
 Summon Ice Beast         Ice/Summ       #.......     100%        4    #####..
 Summon Lightning Spire   Summ/Air       #.......     100%        4    #####..
 Throw Icicle             Conj/Ice       #.......     100%        4    #####..
 Invisibility             Hex            #.......     100%        6    #######
 Discord                  Hex            #.........   100%        8    #######


Dungeon Overview and Level Annotations

Branches:
Dungeon (11/15)            Temple (0/1) D:7            Lair (6/6) D:11
  Swamp (0/4) Lair:4        Snake (0/4) Lair:4        Slime (0/5) Lair:5
    Orc (0/2) D:11

Altars:
Cheibriados
Elyvilon
Fedhas
Hepliaklqana
Kikubaaqudgha
Makhleb
Nemelex Xobeh
Qazlal
Ru
Trog
Wu Jian
Yredelemnul
Zin
Jiyva

Shops:
D:5 *   D:11 *

Annotations:
D:5 2 transporters, Menkaure


Innate Abilities, Weirdness & Mutations

You have hooves in place of feet.
Armour fits poorly on your strangely shaped body.
You cover ground very quickly.
You have extremely tough skin. (AC +3)
You are partially covered in rugged brown scales. (AC +1, +3% HP)
You can translocate small distances at will.
You are dopey. (Int -2)
You are frail. (-10% HP)
Your muscles are strong. (Str +2)


Message History

Aim: a catoblepas (lightly wounded, chance to defeat MR: 25%)
The catoblepas resists with almost no effort.
You feel somewhat more hungry.
The catoblepas breathes a plume of calcifying dust at you.
The blast of calcifying dust hits you but does no damage.
Press: ? - help, Shift-Dir - straight line, f/p - catoblepas
Aim: a catoblepas (lightly wounded, chance to defeat MR: 25%)
The catoblepas resists with almost no effort.
You are near starving!
The catoblepas breathes a plume of calcifying dust at you.
The blast of calcifying dust hits you but does no damage.
The catoblepas gores you.
* * * LOW HITPOINT WARNING * * *
Press: ? - help, Shift-Dir - straight line, f/p - catoblepas
Aim: a catoblepas (lightly wounded, chance to defeat MR: 25%)
The catoblepas resists with almost no effort.
You feel somewhat more hungry.
The catoblepas breathes a plume of calcifying dust at you.
The blast of calcifying dust hits you.
You die...

##..............##......#.....#
#........#..#.....#...##......P
##..#........#...#.....#P......
##..#.......P.........#.....#P
#..#.........................
#..P......#...###...........#
##.........#...##P...........#
#..##.......#..##..#..P.......
#...#..##.###@Y##..#........##
#...P.#.##...§§#.#..#.......P.
##..........§.§...............
##.........§..§...............
#.........§...§...............
#........§....................
###......§.....§..............<
#..................##.........#
##....P.....#.....###...#P.....


You could see a catoblepas.

Vanquished Creatures
  2 hydras
  A centaur warrior (D:10)
  7 death yaks
  Sonja (Lair:2)
  A cyclops (D:11)
  2 deep elf magi (D:11)
  32 elephants
  A naga mage (D:11)
  Maurice (D:8)
  6 black mambas
  6 spiny frogs
  6 rime drakes (Lair:6)
  6 komodo dragons
  2 trolls
  A polar bear (Lair:3)
  2 bog bodies (Lair:4)
  4 hippogriffs
  14 blink frogs
  4 dream sheep (Lair:6)
  3 hogs (D:8)
  30 yaks
  A human (D:8)
  A hungry ghost (D:7)
  2 basilisks
  A neqoxec (D:10)
  A steam dragon (D:10)
  A swamp worm (Lair:4)
  18 water moccasins
  8 porcupines
  3 sky beasts
  2 orc warriors (D:9)
  A necrophage (D:9)
  3 phantoms
  An ice beast (D:6)
  4 ogres
  13 wolves
  4 centaurs
  8 crocodiles
  17 bullfrogs
  A big kobold (D:9)
  A wyvern zombie (D:9)
  A wyvern skeleton (D:8)
  5 killer bees (D:8)
  4 scorpions
  3 howler monkeys (D:10)
  5 wights (D:9)
  6 electric eels
  A bullfrog zombie (D:6)
  5 crimson imps
  2 jellies
  9 hounds
  4 quasits (D:10)
  3 orc priests
  Crazy Yiuf (D:5)
  Ijyb (D:5)
  An iguana (D:3)
  Natasha (D:3)
  5 orc wizards
  8 worker ants
  2 human simulacra (D:10)
  A hound zombie (D:8)
  A worker ant zombie (D:3)
  A gnoll (D:7)
  11 adders
  2 shadow imps
  An ooze (D:4)
  An adder skeleton (D:7)
  An adder zombie (D:8)
  A worm (D:2)
  3 leopard geckos
  20 orcs
  9 bats
  7 giant cockroaches
  12 hobgoblins
  8 jackals
  4 quokkas
  2 frilled lizards (D:2)
  5 goblins
  A jackal skeleton (D:5)
  9 kobolds
  8 rats
  2 plants (Lair:6)
400 creatures vanquished.

Vanquished Creatures (others)
  The ghost of Zero the Thaumaturge, a journeyman GnSk of Ashenzari (D:10)
  A hydra (Lair:1)
  A two-headed ogre (D:8)
  An ugly thing (D:11)
  A rime drake (Lair:6)
  A polar bear (Lair:6)
  An orc warrior (D:11)
  4 electric eels
  A crimson imp (D:7)
  3 bushes (Lair:6)
  16 fungi
  24 plants
55 creatures vanquished.

Grand Total: 455 creatures vanquished

Notes
Turn   | Place    | Note
-------+----------+-------------------------------------------
     0 | Abyss:1  | Gargoyl the Centaur Abyssal Knight began the quest for the
                  | Orb.
     0 | Abyss:1  | Reached XP level 1. HP: 19/19 MP: 2/2
    55 | Abyss:1  | Noticed a wretched star
   102 | D:1      | Escaped the Abyss
   371 | D:1      | Reached XP level 2. HP: 26/26 MP: 3/3
   510 | D:1      | You fall into a shaft and drop 1 floor!
   523 | D:1      | Reached * piety under Lugonu
   879 | D:2      | Reached XP level 3. HP: 26/31 MP: 4/4
  1117 | D:2      | Found a faded altar of an unknown god.
  1319 | D:2      | Found an ornate altar of the Wu Jian Council.
  1320 | D:2      | Found a burning altar of Makhleb.
  1766 | D:3      | Reached ** piety under Lugonu
  1796 | D:3      | Reached XP level 4. HP: 15/38 MP: 0/5
  2280 | D:3      | Found a blossoming altar of Fedhas.
  2959 | D:3      | Reached XP level 5. HP: 45/45 MP: 5/7
  3006 | D:3      | Noticed Natasha
  3013 | D:3      | Killed Natasha
  3013 | D:3      | Reached skill level 1 in Shields
  3202 | D:4      | Found a bloodstained altar of Trog.
  3202 | D:4      | Found a snail-covered altar of Cheibriados.
  3204 | D:4      | Found a stormy altar of Qazlal.
  3204 | D:4      | Found a white marble altar of Elyvilon.
  3204 | D:4      | Found a hazy altar of Hepliaklqana.
  3249 | D:4      | Noticed a phantom
  3250 | D:4      | Noticed an ogre
  3293 | D:4      | Killed an ogre
  3293 | D:4      | Reached skill level 3 in Invocations
  3352 | D:4      | Killed a phantom
  3352 | D:4      | Reached XP level 6. HP: 4/52 MP: 1/8
  3658 | D:4      | Found a glowing silver altar of Zin.
  4031 | D:5      | Entered Level 5 of the Dungeon
  4040 | D:5      | Noticed Ijyb
  4062 | D:5      | Killed Ijyb
  4085 | D:5      | Found Demeo's Assorted Antiques.
  4093 | D:5      | Found a transporter.
  4094 | D:5      | Found an ancient bone altar of Kikubaaqudgha.
  4094 | D:5      | Noticed Menkaure
  4096 | D:5      | Bought a tubular agate ring for 95 gold pieces
  4096 | D:5      | Bought a fluorescent wand for 76 gold pieces
  4097 | D:5      | Found a basalt altar of Yredelemnul.
  4116 | D:5      | Noticed a hungry ghost
  4119 | D:5      | Found a transporter.
  4560 | D:5      | Reached XP level 7. HP: 56/58 MP: 9/9
  4734 | D:5      | Found Makhloud's Food Shoppe.
  4804 | D:5      | Found a runed translucent door.
  4805 | D:5      | Noticed Crazy Yiuf
  4926 | D:5      | Killed Crazy Yiuf
  5202 | D:6      | Reached skill level 1 in Dodging
  5439 | D:6      | Reached skill level 1 in Throwing
  5616 | D:6      | Reached skill level 4 in Invocations
  6030 | D:6      | Reached XP level 8. HP: 63/66 MP: 9/11
  6067 | D:6      | Reached *** piety under Lugonu
  7372 | D:7      | Reached skill level 5 in Axes
  7662 | D:7      | Found a staircase to the Ecumenical Temple.
  7668 | D:7      | Reached skill level 5 in Invocations
  8435 | D:7      | Reached skill level 5 in Armour
  9070 | D:7      | Reached XP level 9. HP: 72/72 MP: 12/12
  9662 | D:8      | Noticed Maurice
  9718 | D:8      | Killed Maurice
  9916 | D:8      | Reached skill level 6 in Invocations
 10364 | D:8      | Reached skill level 5 in Fighting
 10381 | D:8      | Reached skill level 5 in Shields
 10384 | D:8      | Reached XP level 10. HP: 50/81 MP: 14/14
 10755 | D:9      | Noticed a two-headed ogre
 10789 | D:8      | Banished a two-headed ogre
 11495 | D:9      | Reached **** piety under Lugonu
 11813 | D:9      | Reached skill level 7 in Invocations
 11915 | D:9      | Found a sacrificial altar of Ru.
 12058 | D:9      | Found a sparkling altar of Nemelex Xobeh.
 12693 | D:10     | Entered Level 10 of the Dungeon
 12702 | D:10     | Found a transporter.
 12715 | D:10     | Noticed Zero's ghost (journeyman GnSk)
 12850 | D:10     | Identified Sif Muna's Papyrus of Enthralling Summoning
 13209 | D:10     | Found a transporter.
 13416 | D:10     | Noticed a centaur warrior
 13426 | D:10     | Killed a centaur warrior
 13711 | D:10     | Banished Zero's ghost
 13767 | D:10     | Gained mutation: Your body sometimes deteriorates upon
                  | taking damage. [a neqoxec]
 13820 | D:10     | Gained mutation: You are dopey. (Int -2) [a neqoxec]
 13824 | D:10     | Gained mutation: You are very dopey. (Int -4) [a neqoxec]
 13845 | D:10     | Got a crude ring mail
 13858 | D:10     | Identified the cursed +1 ring mail of the Hidden Mice
                  | {+Fly} (You found it on level 10 of the Dungeon)
 14226 | D:11     | Noticed a cyclops
 14238 | D:11     | Killed a cyclops
 14238 | D:11     | Reached XP level 11. HP: 73/88 MP: 16/16
 14314 | D:11     | Found Pumn's General Store.
 14328 | D:11     | Bought a +0 chain mail of fire resistance for 161 gold
                  | pieces
 14328 | D:11     | Bought a scroll of teleportation for 42 gold pieces
 15002 | D:11     | Noticed a brown ugly thing
 15007 | D:11     | Banished a brown ugly thing
 15164 | D:11     | Found a staircase to the Orcish Mines.
 15215 | D:11     | Noticed a deep elf mage
 15227 | D:11     | Killed a deep elf mage
 15582 | D:11     | Noticed a deep elf mage
 15598 | D:11     | Killed a deep elf mage
 15621 | D:11     | Noticed an orc sorcerer
 15622 | D:11     | Noticed a vampire mage
 16028 | D:11     | Found a staircase to the Lair.
 16042 | D:11     | Reached skill level 8 in Invocations
 16046 | Lair:1   | Entered Level 1 of the Lair of Beasts
 16046 | Lair:1   | Noticed a five-headed hydra
 16047 | Lair:1   | Banished a five-headed hydra
 18213 | Lair:1   | Found the +8 whip "Snakebite" {curare, rPois}
 19202 | Lair:2   | Noticed Sonja
 19615 | Lair:2   | Killed Sonja
 19620 | Lair:2   | Reached XP level 12. HP: 82/97 MP: 18/18
 19715 | Lair:2   | Reached skill level 9 in Invocations
 20562 | Lair:2   | Reached skill level 1 in Maces & Flails
 21389 | Lair:3   | Upgraded the game from 0.24-a0-484-g962a3eeff7 to
                  | 0.24-a0-487-g57318f2ed0
 21487 | Lair:3   | Noticed a death yak
 21487 | Lair:3   | Noticed a death yak
 21487 | Lair:3   | Noticed a death yak
 21487 | Lair:3   | Noticed a death yak
 21487 | Lair:3   | Noticed a death yak
 21497 | Lair:3   | Killed a death yak
 21507 | Lair:3   | Killed a death yak
 21512 | Lair:3   | Killed a death yak
 21522 | Lair:3   | Killed a death yak
 21531 | Lair:3   | Killed a death yak
 21770 | Lair:3   | Reached skill level 10 in Invocations
 22466 | Lair:4   | Found a staircase to the Snake Pit.
 23186 | Lair:4   | Found a staircase to the Swamp.
 23379 | Lair:4   | Noticed a six-headed hydra
 23382 | Lair:4   | Reached skill level 5 in Maces & Flails
 23405 | Lair:4   | Killed a six-headed hydra
 23405 | Lair:4   | Reached XP level 13. HP: 46/105 MP: 20/20
 24232 | Lair:5   | Lost mutation: You are very dopey. (Int -4) [potion of
                  | mutation]
 24232 | Lair:5   | Lost mutation: Your body sometimes deteriorates upon taking
                  | damage. [potion of mutation]
 24232 | Lair:5   | Gained mutation: You are frail. (-10% HP) [potion of
                  | mutation]
 24232 | Lair:5   | Gained mutation: Your muscles are strong. (Str +2) [potion
                  | of mutation]
 24232 | Lair:5   | Gained mutation: You can translocate small distances at
                  | will. [potion of mutation]
 24232 | Lair:5   | Gained mutation: You are partially covered in rugged brown
                  | scales. (AC +1, +3% HP) [potion of mutation]
 24253 | Lair:5   | Reached ***** piety under Lugonu
 24596 | Lair:5   | Found a viscous altar of Jiyva.
 24596 | Lair:5   | Found a staircase to the Slime Pits.
 24720 | Lair:6   | Entered Level 6 of the Lair of Beasts
 25570 | Lair:6   | HP: 1/97 [rime drake/flash freeze (34)]
 26461 | Lair:6   | Reached skill level 11 in Invocations
 27515 | Lair:6   | Reached skill level 10 in Armour
 27779 | Lair:6   | Reached XP level 14. HP: 106/106 MP: 22/22
 28260 | Lair:5   | HP: 4/106 [catoblepas (6)]
 28261 | Lair:5   | Killed from afar by a catoblepas

Levels and vault maps discovered:
D:1:      dpeg_arrival_short_road, layout_rooms
D:2:      layout_rooms, minitemple, serial_rivers,
          chequers_serial_rivers_room_b, chequers_serial_rivers_large_a,
          chequers_serial_rivers_marsh, chequers_serial_rivers_small_3,
          chequers_serial_rivers_small_b, chequers_ecumenical_altar_grove,
          minivault_27
D:3:      layout_basic, old_standard_altar, first_ration, uniq_natasha
D:4:      layout_basic, grunt_temple_overflow_open, zin_statuary
D:5:      layout_gridville, gammafunk_temple_of_torment, serial_shops, shop,
          kennysheep_mini, kennysheep_nondescript, minmay_misc_feat_square,
          uniq_crazy_yiuf_cottage, uniq_ijyb
D:6:      layout_basic, chequers_serial_rivers_small_b
D:7:      cheibrodos_two_vegetables, layout_gridville, minmay_temple_entry_trees
D:8:      layout_rooms, serial_glass, glass_columns_a, glass_columns_a,
          grunt_livestock, minmay_misc_feat_four_crosses, uniq_maurice
D:9:      layout_stronghold, nemelex_altar_shiori,
          lemuel_coloured_pillars_altar, hangedman_decor_lopped
D:10:     layout_loops_ring, gammafunk_ghost_stat_death, bh_circular_ruins
D:11:     evilmike_library_of_no_secrets, layout_layer_cave, erik_lair_island,
          serial_shops, shop, kennysheep_decorative_pillar
Lair:1:   minmay_guarded_unrand_snakebite, layout_long_grid
Lair:2:   layout_loops_ring, chequers_serial_rivers_micro_d,
          serial_bayou_lagoon_a, uniq_sonja
Lair:3:   layout_roguey, infiniplex_staircase_pool, grunt_megastairs_5
Lair:4:   layout_loops_ring, nicolae_swamp_entry_splash_gauntlet,
          dummy_snake_entry, minivault_25, serial_bayou_shore_a,
          infiniplex_staircase_pool_2
Lair:5:   layout_regular_city, dpeg_slime_entry_enclosed_altar
Lair:6:   grunt_lair_end_beastmaster, layout_cave_pods,
          minmay_stone_trees_small, minmay_lair_drake_nest, uniq_urug

Skill      XL: |  1  2  3  4  5  6  7  8  9 10 11 12 13 |
---------------+----------------------------------------+-----
Axes           | 2 3 4 5 6 8 9 |  9.5
Armour         | 2 3 4 5 6 8 9 10 | 10.1
Shields        | 1 2 3 5 6 7 9 |  9.2
Invocations    | 3 4 5 6 7 8 10 11 | 11.2
Dodging        | 1 2 |  2.4
Fighting       | 4 5 6 7 |  7.8
Throwing       | 1 2 |  2.0
Maces & Flails | 5 6 |  6.4
Evocations     | |  0.5

Action                   |  1- 3 |  4- 6 |  7- 9 | 10-12 | 13-15 || total
-------------------------+-------+-------+-------+-------+-------++-------
Melee: Hand axe          |   143 |   174 |   123 |       |   172 ||   612
       Kick              |    15 |    28 |   108 |   203 |   189 ||   543
       War axe           |       |       |   307 |   558 |       ||   865
       Whip              |       |       |       |   314 |   284 ||   598
Throw: Boomerang         |       |    22 |    25 |    13 |     3 ||    63
Invok: Depart the Abyss  |     1 |       |       |       |       ||     1
       Banish            |       |       |     3 |    11 |     5 ||    19
       Bend Space        |       |       |       |       |     2 ||     2
Evoke: Wand              |       |       |    14 |     3 |       ||    17
  Use: Potion            |     2 |     3 |     1 |     3 |     5 ||    14
       Scroll            |       |     8 |     9 |     9 |    12 ||    38
 Stab: Invisible         |       |     4 |       |       |       ||     4
       Paralysed         |       |       |     2 |     3 |       ||     5
       Petrified         |       |       |       |       |     9 ||     9
  Eat: Chunk             |     2 |     7 |    10 |    31 |     4 ||    54
       Ration            |       |       |     5 |     3 |     3 ||    11
Armor: Chain mail        |   143 |   104 |    41 |   324 |   171 ||   783
       Leather armour    |     3 |       |       |       |       ||     3
       Plate armour      |       |       |   252 |   254 |       ||   506
       Skin              |       |       |       |     6 |       ||     6
Dodge: Dodged            |    11 |    19 |    33 |   116 |    75 ||   254
Block: Shield            |    68 |    61 |   202 |   455 |   218 ||  1004

Table legend:
 A = Non-vault XP
 B = Vault XP
 C = Vault XP percentage of total XP
 D = Non-vault monster count
 E = Vault monster count
 F = Vault count percentage of total count
                 A         B        C        D         E       F
            +---------+---------+-------+---------+---------+-------
      Total |   52811 |   15275 |  22.4 |     339 |      71 |  17.3
            +---------+---------+-------+---------+---------+-------
        D:1 |      31 |       0 |   0.0 |      18 |       0 |   0.0
        D:2 |      55 |       0 |   0.0 |      25 |       0 |   0.0
        D:3 |     112 |      35 |  23.8 |      19 |       1 |   5.0
        D:4 |     310 |       0 |   0.0 |       4 |       0 |   0.0
        D:5 |     293 |      76 |  20.6 |      12 |       2 |  14.3
        D:6 |     680 |       0 |   0.0 |      16 |       0 |   0.0
        D:7 |     998 |     309 |  23.6 |      13 |       9 |  40.9
        D:8 |    2137 |    1456 |  40.5 |      30 |       6 |  16.7
        D:9 |    1670 |       0 |   0.0 |      27 |       0 |   0.0
       D:10 |    1695 |     848 |  33.3 |      15 |       7 |  31.8
       D:11 |    1163 |    2463 |  67.9 |      12 |      12 |  50.0
     Lair:1 |    4745 |    1194 |  20.1 |      25 |       7 |  21.9
     Lair:2 |    2814 |     814 |  22.4 |      14 |       1 |   6.7
     Lair:3 |   10738 |    1080 |   9.1 |      30 |       4 |  11.8
     Lair:4 |    2706 |     733 |  21.3 |      10 |       4 |  28.6
     Lair:5 |    2315 |       0 |   0.0 |       9 |       0 |   0.0
     Lair:6 |   20349 |    6267 |  23.5 |      60 |      18 |  23.1
            +---------+---------+-------+---------+---------+-------
